 Dungeon Crawl Stone Soup version 0.22-a0-305-gd21a89c538 (webtiles) character file.

756 Oravi the Cutter (level 8, 0/44 HPs)
             Began as a Kobold Hunter on Mar 31, 2018.
             Was a Follower of Dithmenos.
             Shot with an arrow by a centaur (9 damage)
             ... on level 5 of the Dungeon.
             The game lasted 00:25:56 (4657 turns).

Oravi the Cutter (Kobold Hunter)                    Turns: 4657, Time: 00:25:57

Health: 0/44       AC:  9    Str: 11    XL:     8   Next: 7%
Magic:  8/8        EV: 33    Int: 13    God:    Dithmenos [*.....]
Gold:   202        SH:  0    Dex: 17    Spells: 7/7 levels left

rFire    + . .     SeeInvis .   a - +1 hand crossbow
rCold    . . .     Gourm    .   (shield restricted)
rNeg     . . .     Faith    .   c - +0 leather armour
rPois    .         Spirit   .   g - +0 helmet (curse)
rElec    .         Reflect  .   t - +1 cloak
rCorr    .         Harm     .   n - +2 pair of gloves
MR       .....     Clarity  +   (no boots)
Stlth    ..........             j - amulet of the acrobat
HPRegen  0.14/turn              A - ring of protection from fire
MPRegen  0.11/turn              e - ring of loudness (curse)

@: wreathed by umbra, drained
A: small, agile 1, carnivore, clarity, MP-powered wands
a: Renounce Religion


You were on level 5 of the Dungeon.
You worshipped Dithmenos.
Dithmenos was aware of your devotion.
You were very full.

You visited 1 branch of the dungeon, and saw 5 of its levels.

You collected 202 gold pieces.

Inventory:

Hand Weapons
 a - a +1 hand crossbow (weapon)
 b - a +5 short sword
 k - a +0 short sword
Missiles
 d - 93 bolts (quivered)
Armour
 c - a +0 leather armour (worn)
 g - a cursed +0 helmet (worn)
 n - a +2 pair of gloves (worn)
 t - a +1 cloak (worn)
Jewellery
 e - a cursed ring of loudness (right hand)
 j - an amulet of the acrobat (around neck)
 v - an uncursed amulet of harm
 x - a +5 ring of intelligence
 A - a ring of protection from fire (left hand)
Scrolls
 i - a scroll of enchant weapon
 l - a scroll of fear {unknown}
 m - 2 scrolls of blinking {unknown}
 o - a scroll of teleportation {unknown}
 q - 4 scrolls of identify {unknown}
 u - 2 scrolls of magic mapping {unknown}
 y - a scroll of amnesia {unknown}
Potions
 p - 3 potions of might
Comestibles
 f - 13 rations


   Skills:
 - Level 2.1(1.2) Fighting
 + Level 7.7(6.7) Short Blades
 - Level 5.0(4.0) Crossbows
 + Level 7.2(6.1) Dodging
 - Level 1.3(0.4) Stealth


You had 7 spell levels left.
You didn't know any spells.

Dungeon Overview and Level Annotations

Branches:
Dungeon (5/15)
 Temple: D:4-7

Altars:
Dithmenos
Kikubaaqudgha
Okawaru
Zin

Shops:
D:4 (

Annotations:
D:3 cirnu's ghost, amateur DsGl


Innate Abilities, Weirdness & Mutations

You are small and have problems with some larger weapons.
You are carnivorous and can eat meat at any time.
You are agile. (Dex +2)
You possess an exceptional clarity of mind.
You expend magic power (3 MP) to strengthen your wands.


Message History

The arrow hits you but does no damage.
The centaur shoots an arrow.
The arrow hits you!
* * * LOW HITPOINT WARNING * * *
Firing (i - inventory)
d - 93 bolts (quivered)
Press: ? - help, Shift-Dir - straight line, f/p - centaur
Aim: a centaur, wielding a shortbow
Okay, then.
The centaur shoots an arrow.
The arrow hits you.
* * * LOW HITPOINT WARNING * * *
The centaur shoots an arrow.
The arrow completely misses you.
The centaur shoots an arrow.
The arrow completely misses you.
You see here an arrow.
The centaur shoots an arrow.
The arrow completely misses you.
You see here an arrow.
You feel better.
The centaur shoots an arrow.
The arrow completely misses you.
You see here an arrow.
The centaur shoots an arrow.
The arrow barely misses you.
The centaur shoots an arrow.
The arrow hits you!
You die...

#....(........#.........#
############............
#.##....##..#
#.......##..#
#.####..##..#
##.####..##..######
#..................
#####(.......##..#######
.......@.....##........#
######.#####c.#........#
#. ##.#........# #.
#.#........# #.
#.c........#
#.#######(.......##
#..((.(.(.>.####.#
#(c.######.## #.# ..(.(..
#.# #.#


You could see a centaur.

Vanquished Creatures
  2 sky beasts (D:5)
  A centaur (D:5)
  A bullfrog (D:5)
  A scorpion (D:4)
  A bullfrog zombie (D:5)
  2 orc priests
  An orc wizard (D:3)
  A hound (D:5)
  A worker ant (D:5)
  A hound zombie (D:5)
  A worker ant zombie (D:5)
  7 adders
  A shadow imp (D:5)
  2 oozes
  2 adder skeletons (D:5)
  A worm (D:3)
  6 dart slugs
  3 leopard geckos
  6 orcs (D:3)
  7 giant cockroaches
  3 goblins (D:1)
  3 hobgoblins (D:1)
  3 jackals (D:1)
  3 quokkas
  3 ball pythons
  7 bats
  7 frilled lizards
  A jackal zombie (D:5)
  8 kobolds
  A quokka skeleton (D:4)
  11 rats
98 creatures vanquished.

Vanquished Creatures (others)
  A human (D:2)
1 creature vanquished.

Grand Total: 99 creatures vanquished

Notes
Turn   | Place    | Note
-------+----------+-------------------------------------------
     0 | D:1      | Oravi the Kobold Hunter began the quest for the Orb.
     0 | D:1      | Reached XP level 1. HP: 12/12 MP: 1/1
    68 | D:1      | Reached skill level 5 in Crossbows
    97 | D:1      | Reached XP level 2. HP: 11/17 MP: 2/2
   362 | D:1      | Reached skill level 1 in Short Blades
   439 | D:1      | Reached XP level 3. HP: 16/21 MP: 3/3
  1184 | D:2      | Reached XP level 4. HP: 26/26 MP: 4/4
  1325 | D:2      | Found an ancient bone altar of Kikubaaqudgha.
  1325 | D:2      | Noticed a human
  1330 | D:2      | Killed a human
  1494 | D:2      | Found a shadowy altar of Dithmenos.
  1729 | D:3      | Reached XP level 5. HP: 21/30 MP: 5/5
  2084 | D:3      | Reached skill level 5 in Dodging
  2120 | D:3      | Noticed cirnu's ghost (amateur DsGl)
  2164 | D:2      | Became a worshipper of Dithmenos the Shadowed
  2488 | D:2      | Reached XP level 6. HP: 21/35 MP: 6/6
  2732 | D:3      | Found a glowing silver altar of Zin.
  3196 | D:4      | Reached skill level 5 in Short Blades
  3249 | D:4      | Found Uczitoag's Antique Weapon Shop.
  4071 | D:5      | Entered Level 5 of the Dungeon
  4121 | D:5      | Reached XP level 7. HP: 40/40 MP: 7/7
  4537 | D:5      | Found an iron altar of Okawaru.
  4559 | D:5      | Gained mutation: You expend magic power (3 MP) to strengthen your wands. [potion of mutation]
  4559 | D:5      | Gained mutation: You are agile. (Dex +2) [potion of mutation]
  4559 | D:5      | Gained mutation: You possess an exceptional clarity of mind. [potion of mutation]
  4575 | D:5      | Reached XP level 8. HP: 13/44 MP: 8/8
  4639 | D:5      | Reached * piety under Dithmenos
  4643 | D:5      | HP: 2/44 [centaur/arrow (4)]
  4657 | D:5      | Shot with an arrow by a centaur

Vault maps used:
D:1:      nicolae_arrival_somewhat_less_tricky_arrival
D:2:      nicolae_dithmenos_shadow_blocks, first_ration, tgw_kikubaaqudgha
D:3:      zin_statuary
D:4:      serial_shops, shop, serial_bayou_pond_a
D:5:      grunt_temple_overflow_open, gammafunk_temple_overflow_wave

Skill      XL: |  1  2  3  4  5  6  7 |
---------------+----------------------+-----
Crossbows      | 5 |  5.0
Dodging        | 3 4 5 6 7 |  7.2
Short Blades   | 1 2 3 4 6 7 |  7.7
Fighting       | |  2.1
Stealth        | |  1.3

Action                   |  1- 3 |  4- 6 |  7- 9 || total
-------------------------+-------+-------+-------++-------
Melee: Short sword       |    72 |    61 |    56 ||   189
 Fire: Hand crossbow     |    59 |    98 |    24 ||   181
  Use: Scroll            |       |     4 |       ||     4
       Potion            |       |     3 |     5 ||     8
 Stab: Sleeping          |       |     1 |       ||     1
  Eat: Chunk             |     9 |     7 |     2 ||    18
Armor: Leather armour    |    14 |    12 |     9 ||    35
       Skin              |       |     2 |    13 ||    15
Dodge: Dodged            |    68 |    61 |    32 ||   161

Table legend:
 A = Spawn XP
 B = Non-spawn XP
 C = Spawn XP percentage of total XP
 D = Spawn monster count
 E = Non-spawn monster count
 F = Spawn count percentage of total count
 G = Total turns spent on level
                    A         B        C        D         E        F      G
               +---------+---------+-------+---------+---------+-------+---------
         Total |       0 |    1080 |   0.0 |       0 |      98 |   0.0 |  4657
               +---------+---------+-------+---------+---------+-------+---------
           D:1 |       0 |      65 |   0.0 |       0 |      36 |   0.0 |  1223
           D:2 |       0 |      87 |   0.0 |       0 |      14 |   0.0 |  1067
           D:3 |       0 |     168 |   0.0 |       0 |      25 |   0.0 |   848
           D:4 |       0 |     121 |   0.0 |       0 |       8 |   0.0 |   992
           D:5 |       0 |     639 |   0.0 |       0 |      15 |   0.0 |   527
               +---------+---------+-------+---------+---------+-------+---------
